 Dungeon Crawl Stone Soup version 0.18.1-1-g2f07953 (webtiles) character file.

246 Tetrino the Sneak (level 6, -1/50 HPs)
             Began as a Naga Enchanter on Oct 16, 2016.
             Slain by Softman25's ghost (3 damage)
             ... on level 3 of the Dungeon on Oct 17, 2016.
             The game lasted 00:30:11 (1975 turns).

Tetrino the Sneak (Naga Enchanter)                  Turns: 1975, Time: 00:30:11

Health: -1/50      AC:  4    Str: 11    XL:     6   Next: 11%
Magic:  9/9        EV: 10    Int: 15    God:
Gold:   124        SH:  0    Dex: 13    Spells: 3 memorised, 3 levels left

rFire  + . .     SeeInvis +     a - +1 dagger
rCold  x . .     Gourm    .     b - +1 robe
rNeg   . . .     Faith    +     (no shield)
rPois  +         Spirit   .     (no helmet)
rElec  .         Dismiss  .     (no cloak)
rCorr  .         Reflect  .     (no gloves)
SustAt .         Harm     .     (no barding)
MR     .....                    h - amulet of faith
Stlth  ++++......               g - ring of fire
                                e - ring of poison resistance

@: very slow, not resistant to hostile enchantments, stealthy
A: see invisible, deformed body, poison resistance, slowness 2, slow metabolism
1, spit poison 2, AC +2
a: Spit Poison


You were on level 3 of the Dungeon.
You were not hungry.

You visited 1 branch of the dungeon, and saw 3 of its levels.

You collected 124 gold pieces.

Inventory:

Hand Weapons
 a - a +1 dagger (weapon)
Armour
 b - a +1 robe (worn)
Jewellery
 e - a ring of poison resistance (left hand)
 g - a ring of fire (right hand)
 h - an amulet of faith (around neck)
Scrolls
 i - 4 scrolls of identify {unknown}
 j - a scroll of enchant armour {unknown}
 k - a scroll of remove curse {unknown}
 l - a scroll of amnesia {unknown}
 n - a scroll of fog {unknown}
Potions
 m - a potion of brilliance {unknown}
Books
 c - a book of Maledictions

   Spells                             Type                      Level
   a - Corona                         Hexes                        1
   b - Ensorcelled Hibernation        Hexes/Ice                    2
   c - Confuse                        Hexes                        3
   d - Tukima's Dance                 Hexes                        3
   e - Dazzling Spray                 Conjuration/Hexes            3
Comestibles
 d - 2 bread rations
 f - a meat ration


   Skills:
 - Level 0.4 Fighting
 * Level 2.1 Short Blades
 * Level 2.1 Dodging
 * Level 7.8 Stealth
 - Level 2.0 Spellcasting
 * Level 4.0 Hexes
 - Level 1.0 Ice Magic


You had 3 spell levels left.
You knew the following spells:

 Your Spells              Type           Power        Failure   Level  Hunger
a - Corona                Hex            ##.....      4%          1    #......
b - Ensorcelled Hibernat  Hex/Ice        #.....       12%         2    ###....
c - Tukima's Dance        Hex            ##......     14%         3    ###....


Dungeon Overview and Level Annotations

Branches:
Dungeon (3/15)

Altars:

Annotations:
D:3 Softman25's ghost, amateur TeWz


Innate Abilities, Weirdness & Mutations

You cannot wear boots.
Your serpentine skin is tough (AC +2).
You have supernaturally acute eyesight.
Armour fits poorly on your strangely shaped body.
Your system is resistant to poisons.
You cover ground very slowly.
You have a slow metabolism.
You can spit poison.


Message History

You hit Softman25's ghost.
Softman25's ghost is almost destroyed.
Softman25's ghost casts a spell.
Softman25's ghost blinks!
Softman25's ghost points at you and mumbles some strange words.
The magic dart hits you!
* * * LOW HITPOINT WARNING * * *
You see here 24 arrows.
Softman25's ghost gestures wildly while chanting.
Softman25's ghost blinks!
You hit Softman25's ghost but do no damage.
Softman25's ghost is almost destroyed.
You hit Softman25's ghost but do no damage.
Softman25's ghost is almost destroyed.
Softman25's ghost hits you.
* * * LOW HITPOINT WARNING * * *
You hit Softman25's ghost but do no damage.
Softman25's ghost is almost destroyed.
Softman25's ghost hits you.
You die...

#.##### #.# #.# #.# #.#
#.# #.# #.# #ยง# #.#
#W##############<#
#................#
#########.#########..###
......W@(.# #....)
#########.# #.#### #.#
#.# ## #.# #.###. ..#
#.##>. #.# #..(.# #.#
####.. #.# ##. ##


You could see Softman25's ghost.

Vanquished Creatures
  A howler monkey (D:3)
  A howler monkey zombie (D:3)
  4 adders
  2 dart slugs
  4 giant geckos
  An orc (D:3)
  2 giant cockroaches
  4 goblins
  4 hobgoblins
  7 kobolds
  A quokka (D:2)
  9 bats
  4 giant newts
  9 rats
53 creatures vanquished.

Vanquished Creatures (collateral kills)
  Sigmund (D:3)
1 creature vanquished.

Grand Total: 54 creatures vanquished

Notes
Turn   | Place    | Note
--------------------------------------------------------------
     0 | D:1      | Tetrino the Naga Enchanter began the quest for the Orb.
     0 | D:1      | Reached XP level 1. HP: 15/15 MP: 3/3
     3 | D:1      | Noticed an electric eel
     3 | D:1      | Noticed an electric eel
   239 | D:1      | Reached XP level 2. HP: 20/22 MP: 5/5
   508 | D:1      | Learned a level 2 spell: Ensorcelled Hibernation
   833 | D:2      | Reached skill level 5 in Stealth
   908 | D:2      | Reached XP level 3. HP: 23/28 MP: 2/6
  1330 | D:3      | Reached skill level 6 in Stealth
  1330 | D:3      | Reached XP level 4. HP: 35/36 MP: 4/7
  1384 | D:3      | Noticed Sigmund
  1395 | D:3      | Learned a level 3 spell: Tukima's Dance
  1423 | D:3      | Killed Sigmund
  1423 | D:3      | Reached skill level 7 in Stealth
  1423 | D:3      | Reached XP level 5. HP: 33/42 MP: 1/8
  1523 | D:3      | Reached skill level 1 in Ice Magic
  1580 | D:3      | Reached XP level 6. HP: 40/50 MP: 1/9
  1924 | D:3      | Noticed Softman25's ghost (amateur TeWz)
  1971 | D:3      | HP: 2/50 [Softman25's ghost/magic dart (8)]
  1975 | D:3      | Slain by Softman25's ghost

Skill      XL: |  1  2  3  4  5 |
---------------+----------------+-----
Stealth        | 5 6 7 |  7.8
Short Blades   | 2 |  2.1
Dodging        | 2 |  2.1
Ice Magic      | 1 |  1.0
Hexes          | 4 |  4.0
Fighting       | |  0.4
Spellcasting   | |  2.0

Action                   |  1- 3 |  4- 6 || total
-------------------------+-------+-------++-------
Melee: Dagger            |    80 |    93 ||   173
 Cast: Ensorcelled Hiber |    14 |     8 ||    22
       Tukima's Dance    |       |     1 ||     1
 Stab: Sleeping          |    19 |    10 ||    29
       Distracted        |       |     1 ||     1
  Eat: Fruit             |     2 |       ||     2
       Bread ration      |       |     1 ||     1
Armor: Robe              |    32 |    30 ||    62
Dodge: Dodged            |    43 |    40 ||    83
